 Dungeon Crawl Stone Soup version 0.28-a0-1213-g0243856f03 (webtiles) character file.

Game seed: 2000782473713250815

562 Redcow54321 the Fighter (level 7, -4/87 HPs)
             Began as an Ogre Fighter on Dec 22, 2021.
             Slain by an orc warrior (12 damage)
             ... on level 4 of the Dungeon.
             The game lasted 00:05:32 (4180 turns).

Redcow54321 the Fighter (Ogre Fighter)              Turns: 4180, Time: 00:05:33

Health: -4/87      AC:  3    Str: 23    XL:     7   Next: 32%
Magic:  7/7        EV: 10    Int:  9    God:
Gold:   119        SH:  0    Dex:  8    Spells: 6/6 levels left

rFire   . . .      SeeInvis .   a - +0 war axe
rCold   . . .      Faith    .   (no shield)
rNeg    . . .      Spirit   .   b - +0 robe
rPois   .          Reflect  .   (helmet restricted)
rElec   .          Harm     .   (no cloak)
rCorr   .          Rampage  .   (gloves unavailable)
Will    .....                   (boots unavailable)
Stlth   +.........              (no amulet)
HPRegen 0.24/turn               (no ring)
MPRegen 0.10/turn               (no ring)

@: no status effects
A: large, unfitting armour, tough skin 1
a: no special abilities


You were on level 4 of the Dungeon.
You visited 1 branch of the dungeon, and saw 4 of its levels.

You collected 145 gold pieces.
You spent 26 gold pieces at shops.

Inventory:

Hand Weapons
 a - a +0 war axe (weapon)
Armour
 b - a +0 robe (worn)
 c - a +0 kite shield
Jewellery
 t - an amulet of the acrobat
Wands
 r - a wand of paralysis (4)
Scrolls
 e - a scroll of holy word {unknown}
 k - a scroll of immolation
 n - a scroll of fog {unknown}
 s - a scroll of summoning {unknown}
 v - a scroll of amnesia {unknown}
Potions
 d - a potion of might
 g - a potion of cancellation
 h - 3 potions of curing
 i - a potion of flight
 j - a potion of invisibility
 l - a potion of haste
 o - a potion of attraction {unknown}
 p - a potion of berserk rage {unknown}
 q - a potion of heal wounds {unknown}
 u - a potion of mutation {unknown}


   Skills:
 * Level 10.7 Fighting
 - Level 2.0 Axes
 - Level 2.6 Dodging
 - Level 2.6 Shields
 + Level 0.1 Evocations


You had 6 spell levels left.
You didn't know any spells.
Your spell library contained the following spells:

 Spells                   Type           Power      Damage    Failure   Level
 Magic Dart               Conj           0%         1d3       38%         1
 Call Imp                 Summ           0%         N/A       52%         2
 Mephitic Cloud           Conj/Pois/Air  0%         N/A       77%         3
 Fireball                 Conj/Fire      0%         3d3       100%        5
 Iskenderun's Battlesphe  Conj           0%         2d6       100%        5
 Conjure Ball Lightning   Conj/Air       0%         3x3d6     100%        6
 Orb of Destruction       Conj           0%         N/A       100%        7


Dungeon Overview and Level Annotations

Branches:
Dungeon (4/15)
 Temple: D:4-7

Altars:

Shops:
D:1 *


Innate Abilities, Weirdness & Mutations

You are too large for most types of armour.
You have tough skin. (AC +1)


Message History

You hit the orc warrior.
The orc warrior is lightly wounded.
The orc warrior hits you with a +0 long sword.
The orc warrior barely misses you.
You slash the orc warrior!
The orc warrior is moderately wounded.
The orc warrior hits you with a +0 long sword!
You hit the orc warrior but do no damage.
The orc warrior is moderately wounded.
The orc warrior misses you.
You slash the orc warrior!
The orc warrior is severely wounded.
The orc warrior hits you with a +0 long sword.
The orc warrior hits you with a +0 long sword!!
You hit the orc warrior.
The orc warrior is severely wounded.
The orc warrior barely misses you.
You barely miss the orc warrior.
The orc warrior is severely wounded.
The orc warrior hits you with a +0 long sword!
The orc warrior barely misses you.
You hit the orc warrior but do no damage.
The orc warrior is severely wounded.
The orc warrior closely misses you.
You closely miss the orc warrior.
The orc warrior is severely wounded.
The orc warrior hits you with a +0 long sword!
You barely miss the orc warrior.
The orc warrior is severely wounded.
The orc warrior hits you with a +0 long sword!!
* * * LOW HITPOINT WARNING * * *
The orc warrior hits you with a +0 long sword.
* * * LOW HITPOINT WARNING * * *
You hit the orc warrior but do no damage.
The orc warrior is severely wounded.
The orc warrior barely misses you.
You closely miss the orc warrior.
The orc warrior is severely wounded.
The orc warrior hits you with a +0 long sword!
You die...

#.#####..#..... #.#
#....##.#. #.#
#......... .
#+#####...#.#.. ..
#......#.####..#
####....).......
###.......##.>#
........).......
######..@.......
#..o.>..[.#
#.##.####.# .......
# #..## ##### #.##
.##.... ..# #.# #
.....# #.### #.#
..##...# #>#.# #.#
........###.#.###.#


You could see an orc warrior.

Vanquished Creatures
  Sigmund (D:4)
  Menkaure (D:4)
  A black bear (D:4)
  11 adders
  An ufetubus (D:4)
  A worm (D:2)
  4 dart slugs
  6 orcs
  8 bats
  4 endoplasms
  6 giant cockroaches
  7 hobgoblins
  12 jackals
  4 ball pythons
  3 frilled lizards
  6 goblins
  5 kobolds
  2 rats (D:2)
83 creatures vanquished.

Vanquished Creatures (others)
  5 plants (D:2)
5 creatures vanquished.

Grand Total: 88 creatures vanquished

Notes
Turn   | Place    | Note
-------+----------+-------------------------------------------
     0 | D:1      | Redcow54321 the Ogre Fighter began the quest for the Orb.
     0 | D:1      | Reached XP level 1. HP: 24/24 MP: 1/1
    64 | D:1      | Reached XP level 2. HP: 28/33 MP: 2/2
   270 | D:1      | Reached skill level 5 in Fighting
   369 | D:1      | Reached XP level 3. HP: 26/42 MP: 3/3
   890 | D:1      | Found Fege's General Store.
   893 | D:1      | Bought a scroll of identify for 26 gold pieces
   918 | D:1      | Reached skill level 6 in Fighting
  1044 | D:2      | Found a faded altar of an unknown god.
  1120 | D:2      | Reached XP level 4. HP: 42/53 MP: 4/4
  1778 | D:2      | Reached skill level 7 in Fighting
  2462 | D:3      | Reached XP level 5. HP: 46/62 MP: 5/5
  3102 | D:3      | Reached skill level 8 in Fighting
  3685 | D:4      | Noticed Menkaure
  3696 | D:4      | Killed Menkaure
  3697 | D:4      | Reached skill level 9 in Fighting
  3697 | D:4      | Reached XP level 6. HP: 31/75 MP: 6/6
  3931 | D:4      | Noticed Sigmund
  3942 | D:4      | Killed Sigmund
  3943 | D:4      | Reached skill level 10 in Fighting
  3943 | D:4      | Reached XP level 7. HP: 68/85 MP: 7/7
  4180 | D:4      | Slain by an orc warrior

Illustrated notes

Levels and vault maps discovered:
D:1:      ncdulo_lavacross, layout_basic, serial_shops,
          nicolae_shop_behind_doors
D:2:      layout_rooms, serial_bayou, serial_bayou_pond_d, serial_bayou_pond_b,
          serial_bayou_pond_a, serial_bayou_crossing,
          hellmonk_ecumenical_altar_arch_garden
D:3:      layout_loops_ring, kennysheep_generic_room_15
D:4:      layout_basic, lemuel_flame_loot_1, uniq_menkaure, uniq_sigmund,
          uniq_robin

Skill      XL: |  1  2  3  4  5  6 |
---------------+-------------------+-----
Fighting       | 5 6 7 9 10 | 10.7
Axes           | |  2.0
Dodging        | |  2.6
Shields        | |  2.6
Evocations     | |  0.1

Action                   |  1- 3 |  4- 6 |  7- 9 || total
-------------------------+-------+-------+-------++-------
Melee: War axe           |   143 |   152 |    31 ||   326
Evoke: Wand              |       |     3 |       ||     3
  Use: Scroll            |       |     7 |       ||     7
       Potion            |       |       |     1 ||     1
 Stab: Paralysed         |       |     8 |       ||     8
Armor: Robe              |    76 |    46 |     9 ||   131
Dodge: Dodged            |   119 |    89 |    17 ||   225
Block: Kite shield       |     1 |       |       ||     1

Table legend: (Time is in decaauts)
 A = Elapsed time spent in this place.
 B = Non-inter-level travel time spent in this place.
 C = Inter-level travel time spent in this place.
 D = Time resting spent in this place.
 E = Time spent auto-exploring this place.
 F = Levels seen in this place.
 G = Mean time per level.
                   A        B        C        D        E       F      G
               +--------+--------+--------+--------+--------+-----+--------+
         Total |   4319 |   4180 |    139 |    601 |   2811 |   4 | 1079.8 |
       Dungeon |   4319 |   4180 |    139 |    601 |   2811 |   4 | 1079.8 |
               +--------+--------+--------+--------+--------+-----+--------+

Top non-repeatable levels by time:
     D:3: 1420 daAuts
     D:2: 1264 daAuts
     D:1: 1093 daAuts
     D:4: 541 daAuts
